 Dungeon Crawl Stone Soup version 0.28-a0-309-gf6d37e6e1d (webtiles) character file.

Game seed: 12078314078195782767

46 McIrco the Cutter (level 3, -3/24 HPs)
             Began as a Kobold Berserker on Aug 30, 2021.
             Was a Believer of Trog.
             Killed from afar by an orc wizard (8 damage)
             ... with a puff of flame
             ... on level 3 of the Dungeon.
             The game lasted 00:01:31 (2098 turns).

McIrco the Cutter (Kobold Berserker)                Turns: 2098, Time: 00:01:32

Health: -3/24      AC:  2    Str: 15    XL:     3   Next: 95%
Magic:  3/3        EV: 15    Int:  8    God:    Trog [**....]
Gold:   106        SH:  0    Dex: 14    Spells: 2/2 levels left

rFire   . . .      SeeInvis .   a - +0 short sword
rCold   . . .      Faith    .   (shield restricted)
rNeg    . . .      Spirit   .   b - +0 animal skin
rPois   .          Reflect  .   (no helmet)
rElec   .          Harm     .   (no cloak)
rCorr   .          Rampage  .   (no gloves)
Will    .....                   (no boots)
Stlth   ++........              (no amulet)
HPRegen 0.08/turn               (no ring)
MPRegen 0.08/turn               (no ring)

@: confused
A: small, no large weapons, nightstalker 3
a: Renounce Religion, Berserk, Trog's Hand


You were on level 3 of the Dungeon.
You worshipped Trog.
Trog was pleased with you.
You visited 1 branch of the dungeon, and saw 3 of its levels.

You collected 106 gold pieces.

Inventory:

Hand Weapons
 a - a +0 short sword (weapon)
Armour
 b - a +0 animal skin (worn)
Scrolls
 d - 2 scrolls of identify {unknown}
 e - a scroll of enchant weapon {unknown}
 f - a scroll of immolation {unknown}
 g - a scroll of noise {unknown}
 h - a scroll of teleportation {unknown}
Potions
 c - a potion of brilliance {unknown}
 i - a potion of curing {unknown}
 j - a potion of cancellation {unknown}
 k - a potion of flight {unknown}


   Skills:
 + Level 3.8 Fighting
 + Level 4.7 Short Blades
 + Level 1.6 Armour
 + Level 2.6 Dodging
 + Level 2.2 Stealth


You had 2 spell levels left.
You didn't know any spells.
Your spell library was empty.

Dungeon Overview and Level Annotations

Branches:
Dungeon (3/15)

Altars:


Innate Abilities, Weirdness & Mutations

You are small and have problems with some larger weapons.
You are completely attuned to the shadows.


Message History

You closely miss the orc wizard.
The orc wizard is moderately wounded.
The orc wizard barely misses you.
You hit the orc wizard.
The orc wizard is heavily wounded.
The orc wizard hits you with a +3 dagger.
You closely miss the orc wizard.
The orc wizard is heavily wounded.
The orc wizard misses you.
You hit the orc wizard.
The orc wizard is severely wounded.
An orc comes into view. It is wielding a +0 whip.
The orc wizard casts a spell at you.
You are confused.
You are too confused!
You are too confused!
You are too confused!
Unknown command.
Okay, then.
Unknown command.
You bump into the rock wall.
The orc wizard casts a spell at you. You resist with significant effort.
You bump into the rock wall.
A rat comes into view.
The orc wizard casts a spell at you.
You are more confused.
You miss the orc wizard.
The orc wizard is severely wounded.
The orc wizard hits you with a +3 dagger.
You hit the orc wizard.
The orc wizard is almost dead.
You bump into the rock wall.
The orc wizard casts a spell at you. The magic dart hits you!
* * * LOW HITPOINT WARNING * * *
You bump into the rock wall.
The orc wizard gestures at you while chanting.
The puff of flame hits you!
You die... #r#.(#. .#... rr.

#K# #o# #@#
#.#
.###.####
...).....#
.###.###.#
.# #.#
#(#..#
#.###.#...
#.........
#####.#.##..


You could see an orc wizard, a kobold and 2 rats.

Vanquished Creatures
  2 worms (D:2)
  2 dart slugs (D:2)
  3 bats
  An endoplasm (D:3)
  3 giant cockroaches
  A hobgoblin (D:1)
  3 jackals (D:1)
  4 kobolds
  4 quokkas (D:1)
  7 ball pythons
  A frilled lizard (D:1)
  4 rats
35 creatures vanquished.

Notes
Turn   | Place    | Note
-------+----------+-------------------------------------------
     0 | D:1      | McIrco the Kobold Berserker began the quest for the Orb.
     0 | D:1      | Reached XP level 1. HP: 14/14 MP: 1/1
   310 | D:1      | Found a faded altar of an unknown god.
   349 | D:1      | Reached XP level 2. HP: 19/19 MP: 2/2
   619 | D:1      | Reached skill level 1 in Stealth
   865 | D:1      | Reached XP level 3. HP: 24/24 MP: 3/3
  1383 | D:2      | Reached ** piety under Trog
  2098 | D:3      | Killed from afar by an orc wizard

Illustrated notes

Levels and vault maps discovered:
D:1:      dpeg_cavernosity, layout_rooms, ebering_ecumenical_altar_hall,
          minmay_misc_feat_enclosed
D:2:      layout_loops_ring
D:3:      layout_loops_ring, minmay_misc_feat_encased, chequers_mini_garden,
          minmay_hedge_maze, uniq_robin

Skill      XL: |  1  2  3 |
---------------+----------+-----
Stealth        | 1 2 |  2.2
Fighting       | |  3.8
Short Blades   | |  4.7
Armour         | |  1.6
Dodging        | |  2.6

Action                   || total
-------------------------++-------
Melee: Short sword       ||   108
 Stab: Sleeping          ||    18
Armor: Animal skin       ||     8
Dodge: Dodged            ||    57

Table legend: (Time is in decaauts)
 A = Elapsed time spent in this place.
 B = Non-inter-level travel time spent in this place.
 C = Inter-level travel time spent in this place.
 D = Time resting spent in this place.
 E = Time spent auto-exploring this place.
 F = Levels seen in this place.
 G = Mean time per level.
                   A        B        C        D        E       F      G
               +--------+--------+--------+--------+--------+-----+--------+
         Total |   2085 |   2024 |     61 |    131 |   1656 |   3 |  695.0 |
       Dungeon |   2085 |   2024 |     61 |    131 |   1656 |   3 |  695.0 |
               +--------+--------+--------+--------+--------+-----+--------+

Top non-repeatable levels by time:
     D:1: 1120 daAuts
     D:2: 702 daAuts
     D:3: 262 daAuts
